 Dungeon Crawl Stone Soup version 0.31-a0-1005-gfbdfbacc72 (webtiles) character file.

Game seed: 10344558560023884921

16733 BinkBink the Fighter (level 12, -1/113 HPs)
             Began as a Minotaur Fighter on Nov 11, 2023.
             Was a Believer of the Shining One.
             Killed from afar by a catoblepas (7 damage)
             ... with a blast of calcifying dust
             ... on level 1 of the Lair of Beasts.
             The game lasted 00:17:13 (12122 turns).

BinkBink the Fighter (Minotaur Fighter)            Turns: 12122, Time: 00:17:13

Health: -1/113     AC: 18    Str: 23    XL:     12   Next: 12%
Magic:  11/11      EV: 29    Int:  5    God:    the Shining One [**....]
Gold:   612        SH: 12    Dex: 13    Spells: 11/11 levels left

rFire   . . .        L - +2 hand axe (flame)
rCold   . . .        e - +0 kite shield
rNeg    + . .        b - +0 scale mail
rPois   .            (helmet restricted)
rElec   .            y - +2 cloak
rCorr   .            C - +2 pair of gloves
SInv    .            t - +0 pair of boots
Will    .....        H - amulet of the acrobat Stlth
                     J - +5 ring of evasion
HPRegen 0.38/turn    P - ring of flight
MPRegen 0.12/turn

%: acrobat
@: acrobatic, flying, glowing
A: horns 2, retaliatory headbutt
a: Renounce Religion, Divine Shield


You were on level 1 of the Lair of Beasts.
You worshipped the Shining One.
The Shining One was pleased with you.
You visited 3 branches of the dungeon, and saw 15 of its levels.
You also visited: Sewer.

You collected 668 gold pieces.
You spent 56 gold pieces at shops.

Inventory:

Hand Weapons
 a - a +0 war axe
 r - a +0 eveningstar
 L - a +2 hand axe of flaming (weapon)
Missiles
 B - a throwing net (quivered)
Armour
 b - a +0 scale mail (worn)
 e - a +0 kite shield (worn)
 t - a +0 pair of boots (worn)
 y - a +2 cloak (worn)
 C - a +2 pair of gloves (worn)
Jewellery
 E - a ring of fire
 H - an amulet of the acrobat (around neck)
 J - a +5 ring of evasion (left hand)
 M - a ring of magical power
 P - a ring of flight (right hand)
Wands
 c - a wand of iceblast (12)
 w - a wand of flame (25)
 D - a wand of polymorph (18)
Scrolls
 d - a scroll of silence
 f - 2 scrolls of blinking
 g - 3 scrolls of amnesia
 h - 7 scrolls of vulnerability
 i - 6 scrolls of teleportation
 j - 2 scrolls of torment
 l - a scroll of fog {unknown}
 o - 2 scrolls of summoning
 q - 2 scrolls of poison
 s - 3 scrolls of enchant armour
 v - 2 scrolls of fear {unknown}
 A - 3 scrolls of brand weapon
 F - a scroll of revelation {unknown}
 G - a scroll of immolation {unknown}
 O - a scroll of noise {unknown}
Potions
 k - 4 potions of haste {unknown}
 m - 3 potions of curing {unknown}
 n - 4 potions of heal wounds
 p - a potion of invisibility {unknown}
 u - a potion of magic {unknown}
 x - 2 potions of attraction {unknown}
 z - 5 potions of enlightenment
 I - 2 potions of mutation {unknown}
 K - a potion of degeneration {unknown}


   Skills:
 + Level 12.5 Fighting
 + Level 12.2 Axes
 + Level 12.4 Armour
 + Level 12.5 Shields


You had 11 spell levels left.
You didn't know any spells.
Your spell library contained the following spells:

 Spells                   Type           Power      Damage    Failure   Level
 Freeze                   Ice            0%         1d3       87%         1
 Blink                    Tloc           0%         N/A       95%         2
 Poisonous Vapours        Pois/Air       0%         N/A       95%         2
 Sublimation of Blood     Necr           0%         N/A       95%         2
 Call Canine Familiar     Summ           0%         N/A       99%         3
 Dazzling Flash           Conj/Hex       0%         N/A       99%         3
 Frozen Ramparts          Ice            0%         1d1       99%         3
 Gell's Gravitas          Tloc           0%         N/A       99%         3
 Hailstorm                Conj/Ice       0%         3d3       99%         3
 Mephitic Cloud           Conj/Pois/Air  0%         N/A       99%         3
 Sigil of Binding         Hex            0%         N/A       99%         3
 Teleport Other           Tloc           0%         N/A       99%         3
 Volatile Blastmotes      Fire/Tloc      0%         2d10      99%         3
 Dimensional Bullseye     Hex/Tloc       0%         N/A       100%        4
 Fulminant Prism          Conj/Hex       0%         3d5       100%        4
 Iskenderun's Mystic Bla  Conj/Tloc      0%         2d3       100%        4
 Leda's Liquefaction      Hex/Erth       0%         N/A       100%        4
 Manifold Assault         Tloc           0%         N/A       100%        4
 Petrify                  Tmut/Erth      0%         N/A       100%        4
 Freezing Cloud           Conj/Ice/Air   0%         6-21      100%        5
 Irradiate                Conj/Tmut      0%         3d11      100%        5
 Lee's Rapid Deconstruct  Erth           0%         3d4*      100%        5
 Bombard                  Conj/Erth      0%         9d1       100%        6
 Dispersal                Tloc           0%         N/A       100%        6
 Starburst                Conj/Fire      0%         6d3       100%        6
 Maxwell's Capacitive Co  Air            0%         ∞         100%        8


Dungeon Overview and Level Annotations

Branches:
Dungeon (13/15)            Temple (1/1) D:6            Lair (1/5) D:11
    Orc (0/2) D:11          Sewer (visited)
 Vaults: D:13-14

Altars:
Ashenzari
Cheibriados
Dithmenos
Elyvilon
Fedhas
Gozag
Hepliaklqana
Kikubaaqudgha
Makhleb
Nemelex Xobeh
Okawaru
Qazlal
Ru
Sif Muna
Trog
Uskayaw
Vehumet
Wu Jian
Xom
Yredelemnul
Zin
The Shining One

Shops:
D:1 (   D:7 *   D:11 ?

Annotations:
D:12 1 runed translucent door, BinkBink's ghost, journeyman DjAE


Innate Abilities, Weirdness & Mutations

You have a pair of horns on your head.
You reflexively headbutt those who attack you in melee.


Message History

The blast of calcifying dust hits you!
* * * LOW HITPOINT WARNING * * *
The catoblepas completely misses you.
You slash the catoblepas! You burn the catoblepas.
The catoblepas is severely wounded.
The catoblepas closely misses you.
You slash the catoblepas! You burn the catoblepas. You headbutt the catoblepas.
The catoblepas is almost dead.
You hit the catoblepas but do no damage.
You headbutt the catoblepas, but do no damage.
The catoblepas is almost dead.
The catoblepas breathes a plume of calcifying dust at you.
The blast of calcifying dust hits you!
* * * LOW HITPOINT WARNING * * *
The catoblepas breathes a plume of calcifying dust at you.
The blast of calcifying dust hits you but does no damage.
The catoblepas breathes a plume of calcifying dust at you.
The blast of calcifying dust hits you!
* * * LOW HITPOINT WARNING * * *
The catoblepas breathes a plume of calcifying dust at you.
The blast of calcifying dust hits you but does no damage.
The catoblepas breathes a plume of calcifying dust at you.
The blast of calcifying dust hits you but does no damage.
The catoblepas gores you!
* * * LOW HITPOINT WARNING * * *
You hit the catoblepas but do no damage.
The catoblepas is almost dead.
The catoblepas gores you but does no damage.
You hit the catoblepas but do no damage.
You headbutt the catoblepas.
The catoblepas is almost dead.
The catoblepas breathes a plume of calcifying dust at you.
The blast of calcifying dust hits you!
* * * LOW HITPOINT WARNING * * *
The catoblepas breathes a plume of calcifying dust at you.
The blast of calcifying dust hits you.
* * * LOW HITPOINT WARNING * * *
The catoblepas breathes a plume of calcifying dust at you.
The blast of calcifying dust hits you!
You die...

.. ......... ...
....... ..####.....
##......#.##
P#......#§..###
..........§.§.#
.###..§...§^§##
.......<§§..§.##
##.#.....#§@§..#..#
##P.PP##§Y.....#
##...###.....##
##... .........
.#....#.#....#
....... ......#
#...... ....### ...
....# .###


You could see a catoblepas.

Vanquished Creatures
  3 boulder beetles
  2 tengu warriors
  2 two-headed ogres
  Amaemon (D:10)
  2 cyclopes
  An ugly thing (D:12)
  4 manticores
  An orange demon (D:10)
  A gargoyle (D:11)
  Jeremiah (D:7)
  An unseen horror (D:12)
  A tengu conjurer (D:13)
  3 trolls
  A hornet (D:7)
  Prince Ribbit (D:7)
  A wyvern (D:11)
  6 yaks (D:12)
  A wraith (D:10)
  2 steam dragons
  Eustachio (D:4)
  2 wargs (D:11)
  3 water moccasins
  Duvessa (D:6)
  7 orc warriors
  3 black bears
  A sky beast (D:6)
  An ice beast (D:8)
  An ogre (D:4)
  11 centaurs
  2 kobold brigands
  2 phantoms
  5 bullfrogs
  Blork the orc (D:6)
  3 gnoll sergeants
  3 scorpions
  Dowan (D:6)
  5 wights (D:7)
  A killer bee (D:8)
  6 howler monkeys
  A lava snake (D:8)
  2 hounds (D:5)
  3 jellies
  8 orc priests
  A gnoll bouda (D:5)
  Ijyb (D:3)
  3 iguanas
  8 orc wizards
  A sickly merfolk siren (Sewer)
  A malarious merfolk avatar (Sewer)
  21 gnolls
  13 adders
  4 river rats
  2 shadow imps
  2 white imps
  A worm (D:4)
  5 dart slugs
  24 orcs
  4 bats
  4 endoplasms
  4 giant cockroaches
  3 hobgoblins
  2 jackals (D:5)
  12 kobolds
  6 quokkas
  10 ball pythons
  6 frilled lizards
  6 goblins
  27 rats
280 creatures vanquished.

Notes
Turn   | Place    | Note
-------+----------+-------------------------------------------
     0 | D:1      | BinkBink the Minotaur Fighter began the quest for the Orb.
     0 | D:1      | Reached XP level 1. HP: 19/19 MP: 0/0
   221 | D:1      | Reached XP level 2. HP: 21/27 MP: 1/1
   610 | D:1      | Found Miul's Antique Weapon Emporium.
   847 | D:2      | Reached XP level 3. HP: 33/33 MP: 2/2
  1605 | D:3      | Reached XP level 4. HP: 20/41 MP: 3/3
  1739 | D:3      | Noticed a phantom
  1747 | D:3      | Killed a phantom
  1748 | D:3      | Reached XP level 5. HP: 36/47 MP: 4/4
  1800 | D:3      | Found a white marble altar of Elyvilon.
  2205 | D:3      | Noticed Ijyb
  2213 | D:3      | Killed Ijyb
  2308 | D:4      | Noticed a black bear
  2313 | D:4      | Killed a black bear
  2314 | D:4      | Reached skill level 5 in Fighting
  2314 | D:4      | Reached skill level 5 in Armour
  2314 | D:4      | Reached skill level 5 in Shields
  2314 | D:4      | Reached XP level 6. HP: 48/56 MP: 5/5
  2541 | D:4      | Found a stormy altar of Qazlal.
  2812 | D:4      | Noticed Eustachio
  2833 | D:4      | Killed Eustachio
  2834 | D:4      | Reached skill level 5 in Axes
  2834 | D:4      | Reached XP level 7. HP: 45/62 MP: 6/6
  3658 | D:5      | Entered Level 5 of the Dungeon
  4048 | D:5      | Found an ancient bone altar of Kikubaaqudgha.
  4134 | D:5      | Reached XP level 8. HP: 68/71 MP: 7/7
  4601 | D:6      | Found a shimmering blue altar of Sif Muna.
  4619 | D:6      | Noticed Duvessa
  4619 | D:6      | Noticed Dowan
  4632 | D:6      | Killed Duvessa
  4640 | D:6      | Killed Dowan
  4651 | D:6      | Found a staircase to the Ecumenical Temple.
  4658 | Temple   | Entered the Ecumenical Temple
  4682 | Temple   | Became a worshipper of the Shining One
  4892 | D:6      | Found a glowing drain.
  4899 | Sewer    | Entered a sewer
  5402 | D:6      | Noticed Blork the orc
  5413 | D:6      | Killed Blork the orc
  5559 | D:6      | Reached XP level 9. HP: 81/81 MP: 8/8
  5609 | D:6      | Found a shimmering altar of Xom.
  5761 | D:7      | Noticed Jeremiah
  5865 | D:7      | Noticed Prince Ribbit
  5871 | D:7      | Killed Prince Ribbit
  5893 | D:7      | Killed Jeremiah
  5916 | D:7      | Reached * piety under the Shining One
  6527 | D:7      | Found Hiuroisa's Humungous Hoard.
  6638 | D:7      | Found a hazy altar of Hepliaklqana.
  6905 | D:8      | Reached XP level 10. HP: 61/91 MP: 9/9
  7871 | D:9      | Reached skill level 10 in Fighting
  7911 | D:9      | Found a bloodstained altar of Trog.
  8196 | D:9      | Reached skill level 10 in Shields
  8265 | D:10     | Entered Level 10 of the Dungeon
  8267 | D:10     | Found a hide-covered altar of Uskayaw.
  8279 | D:10     | Reached skill level 10 in Armour
  8537 | D:10     | Found a glowing silver altar of Zin.
  8538 | D:10     | Noticed a tengu warrior
  8541 | D:10     | Reached ** piety under the Shining One
  8560 | D:10     | Killed a tengu warrior
  8561 | D:10     | Reached skill level 10 in Axes
  8674 | D:10     | Found a broken altar of Ashenzari.
  8674 | D:10     | Noticed Amaemon
  8675 | D:10     | Noticed an orange demon
  8721 | D:10     | Killed Amaemon
  8726 | D:10     | Killed an orange demon
  8976 | D:10     | Noticed a two-headed ogre
  8988 | D:10     | Killed a two-headed ogre
  9240 | D:11     | Noticed a cyclops
  9248 | D:11     | Killed a cyclops
  9249 | D:11     | Reached XP level 11. HP: 101/101 MP: 10/10
  9424 | D:11     | Found Bekiqac's Magic Scroll Shoppe.
  9430 | D:11     | Bought a scroll of identify for 28 gold pieces
  9430 | D:11     | Bought a scroll of identify for 28 gold pieces
  9478 | D:11     | Noticed a boulder beetle
  9500 | D:11     | Killed a boulder beetle
  9634 | D:11     | Noticed a two-headed ogre
  9641 | D:11     | Killed a two-headed ogre
  9690 | D:11     | Found a staircase to the Orcish Mines.
 10142 | D:11     | Found a staircase to the Lair.
 10162 | D:11     | You fall into a shaft and drop 2 floors!
 10493 | D:12     | Noticed a green ugly thing
 10509 | D:12     | Killed a green ugly thing
 10715 | D:12     | Identified the +0 leather armour of the Lute {rElec rC+
                  | MP-9 Dex+3}
 10933 | D:12     | Noticed a boulder beetle
 10953 | D:12     | Killed a boulder beetle
 11224 | D:12     | Found a runed translucent door.
 11242 | D:12     | Noticed BinkBink's ghost (journeyman DjAE)
 11242 | D:12     | Identified the +3 trident "Mud Pie of Death" {heavy,
                  | Fragile rElec rPois rC+ rCorr}
 11242 | D:12     | Noticed a spriggan rider
 11295 | D:13     | Noticed a boulder beetle
 11343 | D:13     | Killed a boulder beetle
 11536 | D:13     | Reached XP level 12. HP: 63/113 MP: 11/11
 11682 | D:13     | Found a snail-covered altar of Cheibriados.
 11813 | D:13     | Noticed a tengu warrior
 11834 | D:13     | Killed a tengu warrior
 11926 | Lair:1   | Entered Level 1 of the Lair of Beasts
 12074 | Lair:1   | Noticed a catoblepas
 12122 | Lair:1   | Killed from afar by a catoblepas

Illustrated notes

Levels and vault maps discovered:
D:1:      heliophobic_arrival_enchanted_forest, layout_basic, serial_shops,
          shop, grunt_decor_fettered, bh_walls_and_bars
D:2:      layout_loops_cross
D:3:      layout_loops_ring, mainiacjoe_overflow_boulevard, uniq_ijyb
D:4:      layout_layer_cave, lemuel_crystal_altar, uniq_eustachio
D:5:      layout_gridville, general_overflow_altar
D:6:      layout_loops_ring, nicolae_sif_muna_condensation,
          mainiacjoe_overflow_alcove_4, minmay_temple_entry_nine_rooms,
          portal_sewer_entry_e, st_stairs_13, hex_large, minmay_diced_spiral,
          uniq_blork_the_orc, uniq_duvessa
D:7:      layout_rooms, nicolae_hepliaklqana_hippocampus,
          nicolae_alphabet_shops, uniq_prince_ribbit1, uniq_jeremiah
D:8:      layout_basic, grunt_decor_junction, st_stairs_9
D:9:      layout_rooms, lemuel_coloured_pillars_altar, hex_tiny,
          chequers_mini_garden, evilmike_butchery
D:10:     layout_small_grid, eat_drink_and_be_merry_uskayaw,
          jmf_multi_god_temple, uniq_amaemon
D:11:     layout_roguey, lair_entry_dummy, david_orc_1_choice, serial_shops,
          shop
D:12:     layout_small_grid, ebering_ghost_funeral_grove,
          serial_library_hellmonk_secret_room, nicolae_titane
D:13:     layout_basic, erik_vaults_2, kennysheep_slug_shrine
Temple:   minmay_temple_forest_path
Lair:1:   layout_misc_corridors, gauntlet_entry_generic, basic_altar,
          st_stairs_5, beast_lair_carwin_3

Skill      XL: |  1  2  3  4  5  6  7  8  9 10 11 |
---------------+----------------------------------+-----
Fighting       | 4 5 6 8 9 10 12 | 12.5
Axes           | 3 4 5 6 7 9 10 12 | 12.2
Armour         | 4 5 6 8 9 10 12 | 12.4
Shields        | 4 5 6 7 9 10 12 | 12.5

Action                     |  1- 3 |  4- 6 |  7- 9 | 10-12 || total
---------------------------+-------+-------+-------+-------++-------
  Melee: War axe           |    89 |    63 |   329 |   382 ||   863
         Headbutt          |    10 |    11 |    71 |   125 ||   217
         Hand axe          |       |       |       |    16 ||    16
  Throw: Throwing net      |       |       |       |     1 ||     1
    Use: Potion            |       |       |       |     2 ||     2
         Scroll            |       |       |       |     9 ||     9
 Armour: Scale mail        |    55 |    34 |   221 |   363 ||   673
  Dodge: Dodged            |    35 |    17 |   105 |   169 ||   326
  Block: Kite shield       |    31 |    24 |   191 |   253 ||   499
         Buckler           |     1 |       |       |       ||     1

Table legend: (Time is in decaauts)
 A = Elapsed time spent in this place.
 B = Non-inter-level travel time spent in this place.
 C = Inter-level travel time spent in this place.
 D = Time resting spent in this place.
 E = Time spent auto-exploring this place.
 F = Levels seen in this place.
 G = Mean time per level.
                   A        B        C        D        E       F      G
               +--------+--------+--------+--------+--------+-----+--------+
         Total |  12346 |  11750 |    596 |   1102 |   8331 |  16 |  771.6 |
       Dungeon |  11609 |  11059 |    550 |   1002 |   8014 |  13 |  893.0 |
        Temple |     48 |      2 |     46 |      0 |      0 |   1 |   48.0 |
          Lair |    192 |    192 |      0 |      0 |    146 |   1 |  192.0 |
         Sewer |    496 |    496 |      0 |    100 |    171 |   1 |  496.0 |
               +--------+--------+--------+--------+--------+-----+--------+

Top non-repeatable levels by time:
     D:4: 1381 daAuts
    D:11: 1214 daAuts
    D:12: 996 daAuts
    D:10: 979 daAuts
     D:8: 950 daAuts
     D:7: 909 daAuts
     D:5: 903 daAuts
     D:1: 834 daAuts
     D:6: 826 daAuts
     D:3: 815 daAuts
     D:2: 703 daAuts
     D:9: 615 daAuts
   Sewer: 496 daAuts
    D:13: 478 daAuts
  Lair:1: 192 daAuts
